 Dungeon Crawl Stone Soup version 0.30-a0-802-gb92711bcdf (webtiles) character file.

Game seed: 9204870817143726661

1085 cheesebisquit the Covert (level 8, -8/61 HPs)
             Began as a Ghoul Necromancer on Feb 23, 2023.
             Mangled by Edmund
             ... wielding a +4 flail of holy wrath
              (14 damage)
             ... on level 4 of the Dungeon.
             The game lasted 00:29:15 (5505 turns).

cheesebisquit the Covert (Ghoul Necromancer)        Turns: 5505, Time: 00:29:15

Health: -8/61      AC:  3    Str: 12    XL:     8   Next: 30%
Magic:  4/10       EV: 17    Int: 12    God:
Gold:   302        SH:  0    Dex:  9    Spells: 6/12 levels left

rFire   . . .      SeeInvis .      - Unarmed
rCold   + . .      Faith    .    (no shield)
rNeg    + + +      Spirit   .    a - +0 robe
rPois   ∞          Reflect  .    (no helmet)
rElec   .          Harm     .    (no cloak)
rCorr   .          Rampage  .    (no gloves)
Will    .....                    k - +0 pair of boots
Stlth   ++++                     o - amulet of regeneration
HPRegen 0.00/turn                g - +5 ring of evasion
MPRegen 0.12/turn                (no ring)

@: inhibited regen
A: claws 1, cold resistance 1, negative energy resistance 3, inhibited
regeneration, torment resistance 2, devour on kill
a: no special abilities


You were on level 4 of the Dungeon.
You visited 1 branch of the dungeon, and saw 7 of its levels.
You also visited: Sewer.

You collected 302 gold pieces.

Inventory:

Missiles
 r - 8 poisoned darts
Armour
 a - a +0 robe (worn)
 h - a +2 leather armour of poison resistance
 k - a +0 pair of boots (worn)
 p - a +2 scale mail of cold resistance
Jewellery
 c - an amulet of guardian spirit
 g - a +5 ring of evasion (left claw)
 o - an amulet of regeneration (around neck)
Wands
 d - a wand of roots (19)
 x - a wand of light (1)
Scrolls
 b - a scroll of torment {unknown}
 f - 3 scrolls of enchant weapon
 i - a scroll of fear {unknown}
 l - a scroll of teleportation {unknown}
 m - a scroll of enchant armour {unknown}
 n - a scroll of blinking {unknown}
 t - 2 scrolls of noise {unknown}
 w - a scroll of fog {unknown}
Potions
 e - a potion of attraction
 j - 2 potions of mutation {unknown}
 q - a potion of invisibility {unknown}
 u - a potion of flight {unknown}
 v - a potion of cancellation {unknown}


   Skills:
 - Level 2.0 Fighting
 - Level 1.7 Dodging
 * Level 8.9 Stealth
 - Level 4.8 Unarmed Combat
 - Level 2.5 Spellcasting
 - Level 4.7 Necromancy


You had 6 spell levels left.
You knew the following spells:

 Your Spells              Type           Power      Damage    Failure   Level
a - Necrotise             Necr           48%        1d6       3%          1
b - Vampiric Draining     Necr           12%        2d6       11%         3
c - Cigotuvi's Dreadful   Necr/Pois/Air  10%        N/A       21%         2

Your spell library contained the following spells:

 Spells                   Type           Power      Damage    Failure   Level
 Magic Dart               Conj           4%         1d3       26%         1
 Blink                    Tloc           2%         N/A       36%         2
 Ensorcelled Hibernation  Hex/Ice        2%         N/A       36%         2
 Lesser Beckoning         Tloc           2%         N/A       36%         2
 Momentum Strike          Conj/Tloc      2%         3d8       36%         2
 Passwall                 Tmut/Erth      0%         N/A       36%         2
 Poisonous Vapours        Pois/Air       2%         N/A       36%         2
 Searing Ray              Conj           2%         2d4       36%         2
 Animate Dead             Necr           12%        N/A       36%         4
 Call Canine Familiar     Summ           1%         N/A       61%         3
 Mephitic Cloud           Conj/Pois/Air  1%         N/A       61%         3
 Portal Projectile        Hex/Tloc       2%         N/A       61%         3
 Swiftness                Air            1%         N/A       61%         3
 Agony                    Necr           12%        N/A       71%         5
 Fulminant Prism          Conj/Hex       0%         3d5       95%         4
 Leda's Liquefaction      Hex/Erth       0%         N/A       95%         4


Dungeon Overview and Level Annotations

Branches:
Dungeon (7/15)              Sewer (visited)
 Temple: D:4-7

Altars:
Gozag

Annotations:
D:2 exclusion: downstairs
D:4 Edmund
D:7 Menkaure


Innate Abilities, Weirdness & Mutations

You are immune to poison.
You have sharp fingernails.
Your flesh is cold resistant. (rC+)
You are immune to negative energy. (rN+++)
You do not regenerate when monsters are visible.
You are immune to unholy pain and torment.
You thrive by killing the living.


Message History

Edmund is lightly wounded.
Edmund hits you with a +4 flail of holy wrath!
You convulse.
Your orc skeleton misses Edmund.
You claw Edmund!
Edmund is moderately wounded.
Edmund completely misses you.
Edmund struggles to resist.
Your orc skeleton closely misses Edmund.
Edmund hits you with a +4 flail of holy wrath.
You convulse.
You scratch Edmund.
Edmund is moderately wounded.
Your orc skeleton crumbles into dust!
Your orc skeleton hits Edmund but does no damage.
Edmund completely misses you.
You closely miss Edmund.
Edmund is moderately wounded.
Your orc skeleton hits Edmund.
Edmund writhes in agony.
Edmund hits you with a +4 flail of holy wrath.
You convulse.
You scratch Edmund.
Edmund is heavily wounded.
Edmund hits you with a +4 flail of holy wrath.
You convulse!
Your orc skeleton barely misses Edmund.
You closely miss Edmund.
Edmund is heavily wounded.
Edmund hits you with a +4 flail of holy wrath!
* * * LOW HITPOINT WARNING * * *
You convulse!
* * * LOW HITPOINT WARNING * * *
Your orc skeleton hits Edmund but does no damage.
You are too injured to fight recklessly!
Aiming: Necrotise (safe; 3% risk of failure)
Press: ? - help, Q - select action, (/) - cycle Shift-Dir - straight line, f/p - Edmund
Aim: Edmund, wielding a +4 flail of holy wrath and wearing a +0 ring mail (heavily wounded, ally target, chance to affect: 67%) Edmund writhes in agony.
Your orc skeleton crumbles into dust!
Edmund hits you with a +4 flail of holy wrath!
You die...

.....w............#......#
[..................#.......
.##.................##......
#.................###.....
..............#...#...
####............#.###.<.
................#.......
........................
......@@..............#.
...................####.
...........†#####.#####.
..........))####........
..........)....#........
........#...#........... .
.......##...#...........
#.###.
[.......................
..#....
......#####............


You could see Edmund.

Vanquished Creatures
  A shadow (D:7)
  A water moccasin (D:7)
  Duvessa (D:7)
  Pargi (Sewer)
  A bullfrog (D:7)
  A necrophage (D:3)
  Dowan (D:7)
  A howler monkey (D:7)
  2 hounds
  2 jellies
  An orc priest (D:4)
  Terence (D:3)
  An orc wizard (D:4)
  Ijyb (D:3)
  3 gnolls (D:2)
  7 adders
  A shadow imp (D:6)
  An ufetubus (D:5)
  A worm (D:3)
  A dart slug (D:1)
  8 orcs
  5 ball pythons
  4 bats
  3 endoplasms
  4 giant cockroaches
  5 goblins
  5 hobgoblins
  A jackal (Sewer)
  8 kobolds
  A quokka (D:1)
  2 frilled lizards (D:1)
  6 rats
82 creatures vanquished.

Vanquished Creatures (collateral kills)
  An adder (D:2)
  A worm (D:4)
2 creatures vanquished.

Grand Total: 84 creatures vanquished

Notes
Turn   | Place    | Note
-------+----------+-------------------------------------------
     0 | D:1      | cheesebisquit the Ghoul Necromancer began the quest for the
                  | Orb.
     0 | D:1      | Reached XP level 1. HP: 14/14 MP: 2/2
    39 | D:1      | Found a faded altar of an unknown god.
   170 | D:1      | Reached skill level 1 in Unarmed Combat
   197 | D:1      | Reached XP level 2. HP: 20/20 MP: 1/3
   985 | D:2      | Reached XP level 3. HP: 26/26 MP: 0/4
  1105 | D:2      | Reached XP level 4. HP: 3/33 MP: 1/5
  1362 | D:2      | Learned a level 3 spell: Vampiric Draining
  1612 | D:2      | Learned a level 2 spell: Cigotuvi's Dreadful Rot
  2048 | D:3      | Noticed a necrophage
  2340 | D:3      | Reached XP level 5. HP: 33/39 MP: 5/7
  2340 | D:3      | Found a glowing drain.
  2349 | Sewer    | Entered a sewer
  2413 | Sewer    | Noticed Pargi
  2435 | Sewer    | Killed Pargi
  2436 | Sewer    | Reached skill level 1 in Fighting
  2436 | Sewer    | Reached skill level 3 in Stealth
  2640 | D:3      | Noticed Ijyb
  2654 | D:3      | Killed Ijyb
  2655 | D:3      | Reached XP level 6. HP: 26/47 MP: 6/8
  2811 | D:3      | Noticed Terence
  2828 | D:3      | Killed Terence
  3258 | D:3      | Reached skill level 4 in Stealth
  3973 | D:4      | Found an opulent altar of Gozag.
  3995 | D:4      | You fall into a shaft and drop 3 floors!
  4001 | D:7      | Noticed Menkaure
  4038 | D:7      | Reached skill level 5 in Stealth
  4038 | D:7      | Reached XP level 7. HP: 40/55 MP: 5/9
  4201 | D:7      | Noticed a steam dragon
  4230 | D:7      | Noticed a shadow
  4256 | D:7      | Killed a shadow
  4257 | D:7      | Reached skill level 6 in Stealth
  4636 | D:7      | Noticed Duvessa
  4638 | D:7      | Noticed Dowan
  4649 | D:7      | Killed Duvessa
  4650 | D:7      | Reached skill level 7 in Stealth
  4662 | D:7      | Killed Dowan
  4846 | D:7      | Reached skill level 8 in Stealth
  4846 | D:7      | Reached XP level 8. HP: 49/61 MP: 2/10
  5080 | D:5      | Entered Level 5 of the Dungeon
  5493 | D:4      | Noticed Edmund
  5505 | D:4      | Mangled by Edmund

Illustrated notes

Levels and vault maps discovered:
D:1:      reono_arrival_forest_river, layout_loops_ring,
          dreamdust_ecumenical_altar_grove, minmay_misc_feat_encased,
          nicolae_kite_square_tiling_tiny
D:2:      layout_basic
D:3:      layout_basic, portal_sewer_entry_d, uniq_ijyb, uniq_terence
D:4:      layout_basic, xom_redecorated, grunt_gozag_statues, uniq_sigmund,
          uniq_edmund
D:5:      layout_gridville
D:6:      layout_layer_cave, nicolae_sif_muna_condensation,
          nicolae_overflow_crystal_walls, minmay_temple_entry_tees,
          nicolae_shop_fire_sale [nicolae_sub_dead_trees]
D:7:      layout_loops_ring, uniq_duvessa, uniq_menkaure

Skill      XL: |  1  2  3  4  5  6  7 |
---------------+----------------------+-----
Unarmed Combat | 1 2 4 |  4.8
Spellcasting   | 2 |  2.5
Fighting       | 1 2 |  2.0
Stealth        | 3 5 8 |  8.9
Dodging        | |  1.7
Necromancy     | |  4.7

Action                     |  1- 3 |  4- 6 |  7- 9 || total
---------------------------+-------+-------+-------++-------
  Melee: Unarmed           |    42 |    92 |    95 ||   229
         Punch             |       |     2 |     1 ||     3
  Throw: Dart              |       |     6 |     3 ||     9
   Cast: Necrotise         |    33 |    65 |    44 ||   142
         Vampiric Draining |       |       |     2 ||     2
         Cigotuvi's Dreadf |       |       |     2 ||     2
  Evoke: Wand              |       |       |     1 ||     1
    Use: Scroll            |       |     7 |     1 ||     8
         Potion            |       |     3 |     6 ||     9
   Stab: Sleeping          |       |     2 |       ||     2
 Armour: Robe              |     5 |    20 |     6 ||    31
  Dodge: Dodged            |    50 |   100 |    90 ||   240

Table legend: (Time is in decaauts)
 A = Elapsed time spent in this place.
 B = Non-inter-level travel time spent in this place.
 C = Inter-level travel time spent in this place.
 D = Time resting spent in this place.
 E = Time spent auto-exploring this place.
 F = Levels seen in this place.
 G = Mean time per level.
                   A        B        C        D        E       F      G
               +--------+--------+--------+--------+--------+-----+--------+
         Total |   5469 |   5223 |    246 |    450 |   3790 |   8 |  683.6 |
       Dungeon |   5207 |   4961 |    246 |    355 |   3667 |   7 |  743.9 |
         Sewer |    262 |    262 |      0 |     95 |    122 |   1 |  262.0 |
               +--------+--------+--------+--------+--------+-----+--------+

Top non-repeatable levels by time:
     D:3: 1692 daAuts
     D:1: 977 daAuts
     D:2: 912 daAuts
     D:7: 906 daAuts
     D:4: 378 daAuts
   Sewer: 262 daAuts
     D:5: 206 daAuts
     D:6: 133 daAuts
